 Dungeon Sprint DCSS version 0.30.0-15-g856e2d3f33 (webtiles) character file.

Game seed: 6918787367905147675

46 Groucho the Covered (level 3, 0/54 HPs)
             Began as a Minotaur Fighter on May 18, 2023.
             Killed by nerve-wracking pain
             ... invoked by a shadow imp
              (6 damage)
             ... in the Dungeon (Sprint IX: "|||||||||||||||||||||||||||||").
             The game lasted 00:00:27 (42 turns).

Groucho the Covered (Minotaur Fighter)                Turns: 42, Time: 00:00:27

Health: 0/54       AC: -4    Str: 22    XL:     3   Next: 46%
Magic:  2/2        EV:  9    Int:  5    God:
Gold:   0          SH:  5    Dex:  9    Spells: 2/2 levels left

rFire   . . .        a - +0 war axe
rCold   . . .        c - +0 buckler
rNeg    . . .        b - +0 scale mail
rPois   .            (helmet restricted)
rElec   .            (no cloak)
rCorr   .            (no gloves)
SInv    .            (no boots)
Will    .....        (no amulet) Stlth
                     (no ring)
HPRegen 0.29/turn    (no ring)
MPRegen 0.08/turn

%: no teleportation
@: berserking (expiring), corroded, very quick
A: horns 2, retaliatory headbutt
a: no special abilities


You were in the Dungeon.
You visited 1 branch

Inventory:

Hand Weapons
 a - a +0 war axe (weapon)
Armour
 b - a +0 scale mail (worn)
 c - a +0 buckler (worn)
Scrolls
 j - a scroll of blinking
Potions
 d - a potion of might
 e - a potion of curing
 g - a potion of haste
 h - 2 potions of magic


   Skills:
 + Level 5.4 Fighting
 + Level 4.7 Axes
 + Level 5.5 Armour
 + Level 5.5 Shields


You had 2 spell levels left.
You didn't know any spells.
Your spell library was empty.

Dungeon Overview and Level Annotations

Branches:
Dungeon (1/1)

Altars:


Innate Abilities, Weirdness & Mutations

You have a pair of horns on your head.
You reflexively headbutt those who attack you in melee.


Message History

Your Fighting skill increases to level 5!
Your Axes skill increases to level 4!
Your Armour skill increases to level 5!
Your Shields skill increases to level 5!
You have reached level 3!
Your experience leads to an increase in your attributes!
Increase (S)trength, (I)ntelligence, or (D)exterity?
You feel stronger. x2
Unknown command.
Unknown command.
Unknown command.
You hit the adder but do no damage. Your headbutt misses the adder.
The adder barely misses you. You furiously retaliate!
You headbutt the adder. You closely miss the adder.
The adder is heavily wounded.
You block the adder's attack.
You closely miss the adder. You headbutt the adder.
The adder is almost dead.
The adder bites you. x2
You slice the adder!!
You kill the adder!
You barely miss the shadow imp. The shadow imp closely misses you.
You closely miss the shadow imp. The shadow imp gestures at you.
Pain shoots through your body!
You closely miss the shadow imp. The shadow imp hits you.
Unknown command.
You barely miss the shadow imp. You closely miss the shadow imp.
The shadow imp hits you.
* * * LOW HITPOINT WARNING * * *
You barely miss the shadow imp. The shadow imp hits you.
* * * LOW HITPOINT WARNING * * *
You closely miss the shadow imp. You block the shadow imp's attack.
Unknown command.
You closely miss the shadow imp. The shadow imp hits you.
* * * LOW HITPOINT WARNING * * *
You hit the shadow imp.
The shadow imp is moderately wounded.
The shadow imp gestures at you. Pain shoots through your body!
You die... ▓▓▓▓▓▓▓▓▓▓▓▓▓▓▓▓▓▓ +...rh5@..†))...<▓ ▓▓▓▓▓▓▓▓▓▓▓▓▓▓▓▓▓▓

You could see a black bear, a shadow imp and a quokka.

Vanquished Creatures
  A jelly (D)
  An adder (D)
  2 dart slugs (D)
  A kobold (D)
  A bat (D)
  A goblin (D)
7 creatures vanquished.

Notes
Turn   | Place    | Note
-------+----------+-------------------------------------------
     0 | D        | Groucho the Minotaur Fighter began the quest for the Orb.
     0 | D        | Reached XP level 1. HP: 19/19 MP: 0/0
    21 | D        | Reached XP level 2. HP: 26/28 MP: 1/1
    25 | D        | Noticed a black bear
    30 | D        | Reached skill level 5 in Fighting
    30 | D        | Reached skill level 5 in Armour
    30 | D        | Reached skill level 5 in Shields
    30 | D        | Reached XP level 3. HP: 29/36 MP: 2/2
    42 | D        | Killed from afar by a shadow imp

Illustrated notes

Levels and vault maps discovered:
D:        linesprint [early_d, line_temple, items_1, d_10, items_2, lair_1,
          lair_end, items_3, orc_1, orc_end, items_4, d_15, swamp_1, shoals_1,
          snake_1, spider_1, d_20, vaults_1, items_5, swamp_end, shoals_end,
          snake_end, spider_end, vaults_end, d_27, items_6, zot_1, zot_end,
          crypt_end, forest_end, elf_end, slime_end, tomb_end, abyss_end,
          pan_hell_end]

Skill      XL: |  1  2 |
---------------+-------+-----
Fighting       | 4 5 |  5.4
Armour         | 4 5 |  5.5
Shields        | 4 5 |  5.5
Axes           | 3 4 |  4.7

Action                     || total
---------------------------++-------
  Melee: War axe           ||    30
         Headbutt          ||     4
    Use: Potion            ||     2
 Armour: Scale mail        ||     9
  Dodge: Dodged            ||     9
  Block: Buckler           ||     7
